 Dungeon Crawl Stone Soup version 0.30-a0-596-g0af90f9a20 (webtiles) character file.

Game seed: 15290544178273608247

578 rddays123 the Chopper (level 7, -7/61 HPs)
             Began as a Minotaur Fighter on Jan 7, 2023.
             Mangled by a gnoll sergeant
             ... wielding a +5 spear of venom
              (8 damage)
             ... on level 7 of the Dungeon.
             The game lasted 00:11:04 (3468 turns).

rddays123 the Chopper (Minotaur Fighter)            Turns: 3468, Time: 00:11:04

Health: -7/61      AC:  7    Str: 22    XL:     7   Next: 13%
Magic:  6/6        EV:  9    Int:  5    God:
Gold:   400        SH:  4    Dex: 10    Spells: 6/6 levels left

rFire   . . .      SeeInvis .    a - +1 war axe
rCold   . . .      Faith    .    c - +0 buckler
rNeg    . . .      Spirit   .    b - +0 scale mail
rPois   .          Reflect  .    (helmet restricted)
rElec   .          Harm     .    y - scarf {repulsion}
rCorr   .          Rampage  .    (no gloves)
Will    .....                    (no boots) Stlth
                                 (no amulet)
HPRegen 0.30/turn                (no ring)
MPRegen 0.10/turn                (no ring)

@: repel missiles
A: horns 2, retaliatory headbutt
a: no special abilities


You were on level 7 of the Dungeon.
You visited 1 branch of the dungeon, and saw 5 of its levels.
You also visited: Ossuary.

You collected 400 gold pieces.

Inventory:

Hand Weapons
 a - a +1 war axe (weapon)
Armour
 b - a +0 scale mail (worn)
 c - a +0 buckler (worn)
 y - a scarf of repulsion (worn)
Jewellery
 s - a ring of resist corrosion
Wands
 j - a wand of paralysis (11)
 r - a wand of iceblast (4)
Scrolls
 f - 4 scrolls of teleportation
 g - a scroll of butterflies {unknown}
 h - a scroll of brand weapon {unknown}
 m - a scroll of immolation {unknown}
 n - a scroll of poison
 t - a scroll of enchant armour {unknown}
 u - 2 scrolls of identify
Potions
 d - a potion of might
 e - 5 potions of flight
 i - a potion of attraction {unknown}
 k - a potion of heal wounds {unknown}
 l - 4 potions of curing
 o - a potion of ambrosia {unknown}
 p - a potion of mutation {unknown}
 q - 2 potions of degeneration {unknown}
 v - a potion of cancellation {unknown}
 x - 3 potions of brilliance {unknown}
 z - a potion of berserk rage {unknown}
 A - a potion of lignification {unknown}


   Skills:
 + Level 5.5 Fighting
 + Level 7.8 Axes
 - Level 4.6 Armour
 - Level 0.3 Dodging
 - Level 3.9 Shields


You had 6 spell levels left.
You didn't know any spells.
Your spell library contained the following spells:

 Spells                   Type           Power      Damage    Failure   Level
 Shock                    Conj/Air       0%         1d3       87%         1
 Ensorcelled Hibernation  Hex/Ice        0%         N/A       95%         2
 Passwall                 Tmut/Erth      0%         N/A       95%         2
 Gell's Gravitas          Tloc           0%         N/A       99%         3
 Ignite Poison            Fire/Tmut/Pois 0%         N/A       99%         3
 Kindle Blastsparks       Fire/Tloc/Air  0%         2d10      99%         3
 Lesser Beckoning         Tloc           0%         N/A       99%         3
 Swiftness                Air            0%         N/A       99%         3
 Teleport Other           Tloc           0%         N/A       99%         3
 Freezing Cloud           Conj/Ice/Air   0%         6-21      100%        5


Dungeon Overview and Level Annotations

Branches:
Dungeon (4/15)            Ossuary (visited)
 Temple: D:4-7

Altars:
Nemelex Xobeh
Qazlal
Trog
Wu Jian

Annotations:
D:7 2 transporters, Sabo's ghost, novice AtBe


Innate Abilities, Weirdness & Mutations

You have a pair of horns on your head.
You reflexively headbutt those who attack you in melee.


Message History

The orc priest looks satisfied for a moment.
The centaur shoots an arrow.
The arrow barely misses you. The bullfrog barely misses you.
The orc priest invokes the aid of Beogh against you.
Beogh smites you!
* * * LOW HITPOINT WARNING * * *
The gnoll sergeant closely misses you.
You hear a shout! x2
The bullfrog attacks as you move away! The bullfrog hits you.
* * * LOW HITPOINT WARNING * * *
An orc priest and an orc come into view.
The orc priest shouts!
The orc shouts!
You hear a shout!
You hear a bellow!
You hear a shout!
The bullfrog releases a deep croak.
The bullfrog closely misses you.
An orc comes into view. It is wielding a +0 great sword.
An orc comes into view. It is wielding a +0 hand axe. x2
The orc moves out of view.
An orc wizard comes into view. It is wielding a +0 short sword.
An orc comes into view. It is wielding a +0 club.
The orc shouts! x2; You hear a shout!
You hear a bellow! x2
A kobold brigand comes into view.
It is wielding a +0 dagger and quivering poisoned darts.
The orc priest barely misses you. You furiously retaliate!
You headbutt the orc priest! The bullfrog barely misses you.
The bullfrog hits you but does no damage.
An orc comes into view. It is wielding a +0 hand axe.
The gnoll sergeant barely misses you.
The orc priest hits you with a +0 short sword.
* * * LOW HITPOINT WARNING * * *
You barely miss the orc priest. You closely miss the orc priest.
You closely miss the bullfrog.
The bullfrog hits you but does no damage.
The orc wizard gestures wildly while chanting.
The orc wizard flickers and vanishes!
Deactivating autopickup; reactivate with Ctrl-A.
A sky beast comes into view.
A gnoll comes into view. It is wielding a +0 flail.
The gnoll sergeant hits you from afar with a +5 spear of venom!
You die...

#.....#####....#......#..
....###O..###$Y.........
...#####..O.##oo#..##....
...#.####....#.{#K.# .##.
..##..# #.W.O##o...g #
..#...#)....yO#.oo
g©#©..§$_.#..©#©.#
..#..##$.. #.#o.# #.####
#.###.##o@# #..#
###.#..##cF##
#..###......##g.#
##..###...###g.##
#....#####.g..#
##.......gK..##
###.......### #########


You could see a moth of wrath, a sky beast (wandering), a kobold brigand, 3
ogres, a gnoll sergeant, a bullfrog, a centaur, 3 orc priests, Sabo's ghost, 3
gnolls, 4 orcs and a kobold.

Vanquished Creatures
  An elf zombie (D:4)
  A bullfrog (D:7)
  3 elf skeletons (D:4)
  A human zombie (D:4)
  An iguana (D:3)
  8 mummies (Ossuary)
  Robin (D:3)
  5 adders
  A worm (D:2)
  A dart slug (D:1)
  4 endoplasms
  A giant cockroach (D:3)
  2 gnoll zombies (Ossuary)
  13 goblins
  7 hobgoblins
  5 kobolds
  A quokka (D:1)
  5 ball pythons
  5 bats
  2 frilled lizards (D:1)
  2 hobgoblin zombies (Ossuary)
  A kobold zombie (Ossuary)
  An orc skeleton (D:4)
  3 orc zombies (Ossuary)
  5 rats
80 creatures vanquished.

Notes
Turn   | Place    | Note
-------+----------+-------------------------------------------
     0 | D:1      | rddays123 the Minotaur Fighter began the quest for the Orb.
     0 | D:1      | Reached XP level 1. HP: 19/19 MP: 0/0
    85 | D:1      | Reached XP level 2. HP: 22/27 MP: 1/1
   115 | D:1      | Reached skill level 3 in Axes
   362 | D:1      | Found a faded altar of an unknown god.
   370 | D:1      | Got Plato's Notes on Feathers
   890 | D:2      | Reached XP level 3. HP: 26/33 MP: 2/2
  1698 | D:3      | Noticed Robin
  1711 | D:3      | Reached XP level 4. HP: 27/40 MP: 3/3
  1733 | D:3      | Reached skill level 4 in Axes
  1839 | D:3      | Killed Robin
  2164 | D:3      | Found a sparkling altar of Nemelex Xobeh.
  2174 | D:3      | Found an ornate altar of the Wu Jian Council.
  2438 | D:4      | Reached XP level 5. HP: 47/47 MP: 4/4
  2492 | D:4      | Reached skill level 5 in Axes
  2507 | D:4      | Found a sand-covered staircase.
  2515 | D:4      | Reached skill level 5 in Fighting
  2515 | D:4      | Reached skill level 6 in Axes
  2515 | D:4      | Reached XP level 6. HP: 44/56 MP: 5/5
  2517 | Ossuary  | Entered an ossuary
  2959 | D:4      | Reached skill level 7 in Axes
  2971 | D:4      | Reached XP level 7. HP: 50/61 MP: 6/6
  3110 | D:4      | Found a stormy altar of Qazlal.
  3388 | D:4      | You fall into a shaft and drop 3 floors!
  3408 | D:7      | Noticed a moth of wrath
  3434 | D:7      | Noticed a two-headed ogre
  3435 | D:7      | Noticed Sabo's ghost (novice AtBe)
  3439 | D:7      | Found a transporter.
  3443 | D:7      | Found a transporter.
  3444 | D:7      | Found a bloodstained altar of Trog.
  3465 | D:7      | HP: 2/61 [bullfrog (4)]
  3468 | D:7      | Mangled by a gnoll sergeant

Illustrated notes

Levels and vault maps discovered:
D:1:      tekkud_arrival_beachfront_property, layout_rooms,
          shapermc_ecumenical_altar_rom_forum
D:2:      layout_basic
D:3:      layout_basic, mainiacjoe_overflow_large_starburst,
          minmay_misc_feat_enclosed, uniq_robin
D:4:      layout_basic, lemuel_tele_altar, nicolae_ossuary_entry_catacombs
D:7:      layout_cave_pools, mainiacjoe_overflow_tiny_flanked,
          gammafunk_ghost_wrathful_warriors

Skill      XL: |  1  2  3  4  5  6 |
---------------+-------------------+-----
Axes           | 3 4 6 7 |  7.8
Armour         | 4 |  4.6
Fighting       | 4 5 |  5.5
Dodging        | |  0.3
Shields        | |  3.9

Action                   |  1- 3 |  4- 6 |  7- 9 || total
-------------------------+-------+-------+-------++-------
Melee: War axe           |    72 |   105 |     2 ||   179
       Headbutt          |     6 |    20 |     1 ||    27
  Use: Scroll            |       |     3 |     2 ||     5
Armor: Scale mail        |    50 |    28 |    13 ||    91
Dodge: Dodged            |    28 |    50 |    24 ||   102
Block: Buckler           |    13 |    25 |     5 ||    43

Table legend: (Time is in decaauts)
 A = Elapsed time spent in this place.
 B = Non-inter-level travel time spent in this place.
 C = Inter-level travel time spent in this place.
 D = Time resting spent in this place.
 E = Time spent auto-exploring this place.
 F = Levels seen in this place.
 G = Mean time per level.
                   A        B        C        D        E       F      G
               +--------+--------+--------+--------+--------+-----+--------+
         Total |   3524 |   3250 |    274 |    272 |   1994 |   6 |  587.3 |
       Dungeon |   3090 |   2816 |    274 |    149 |   1994 |   5 |  618.0 |
       Ossuary |    434 |    434 |      0 |    123 |      0 |   1 |  434.0 |
               +--------+--------+--------+--------+--------+-----+--------+

Top non-repeatable levels by time:
     D:3: 1007 daAuts
     D:2: 996 daAuts
     D:1: 551 daAuts
     D:4: 455 daAuts
 Ossuary: 434 daAuts
     D:7: 80 daAuts
